 Dungeon Crawl Stone Soup version 0.27-a0-1555-g0e7b3fb1d2 (webtiles) character file.

Game seed: 3334672782927938804

81212 pyrow613 the Devastator (level 15, -2/132 HPs)
             Began as a Pale Draconian Conjurer on July 13, 2021.
             Was a High Priest of Makhleb.
             Slain by a redback (5 damage)
             ... on level 1 of the Spider Nest on July 14, 2021.
             The game lasted 02:13:10 (27079 turns).

pyrow613 the Devastator (Pale Draconian Conjurer)  Turns: 27079, Time: 02:13:11

Health: -2/132     AC: 17    Str:  9    XL:     15   Next: 26%
Magic:  6/38       EV: 12    Int: 27    God:    Makhleb [*****.]
Gold:   1328       SH: 12    Dex: 15    Spells: 7/34 levels left

rFire    + . .     SeeInvis .   b - +6 scimitar (vamp)
rCold    x . .     Faith    .   k - +0 kite shield
rNeg     . . .     Spirit   .   (armour unavailable)
rPois    +         Reflect  .   T - +1 hat
rElec    +         Harm     .   I - +2 cloak
rCorr    .         Rampage  .   x - +2 pair of gloves
Will     +....                  W - +0 pair of boots
Stlth    ++........             P - amulet "Zaffac" {RegenMP Int+3}
HPRegen  0.32/turn              E - ring "Tyide" {Fire rElec rPois Dex+4 Slay+2}
MPRegen  0.51/turn              S - ring of magical power

@: lethally poisoned (-2 -> -87)
A: breathe steam, AC +9, unfitting armour, cold-blooded, steam resistance
a: Breathe Steam, Renounce Religion, Minor Destruction, Lesser Servant of
Makhleb, Major Destruction, Greater Servant of Makhleb


You were on level 1 of the Spider Nest.
You worshipped Makhleb.
Makhleb was extremely pleased with you.
You visited 4 branches of the dungeon, and saw 21 of its levels.
You also visited: Bailey and Ice Cave.

You collected 2036 gold pieces.
You spent 708 gold pieces at shops.

Inventory:

Hand Weapons
 a - a +2 dagger of venom
 b - a +6 vampiric scimitar (weapon)
 q - a +0 hunting sling
Missiles
 d - 126 boomerangs
Armour
 k - a +0 kite shield (worn)
 x - a +2 pair of gloves (worn)
 I - a +2 cloak (worn)
 T - a +1 hat (worn)
 W - a +0 pair of boots (worn)
Jewellery
 h - an amulet of regeneration
 D - a ring of willpower
 E - the ring "Tyide" (left hand) {Fire rElec rPois Dex+4 Slay+2}
   (You acquired it on level 10 of the Dungeon)

   [ring of fire]

   It enhances your fire magic.
   Dex:       It affects your dexterity (+4).
   Slay:      It affects your accuracy & damage with ranged weapons and melee
   (+2).
   rF:        It protects you from fire.
   rC:        It makes you vulnerable to cold.
   rElec:     It insulates you from electricity.
   rPois:     It protects you from poison.
 P - the amulet "Zaffac" (around neck) {RegenMP Int+3}
   (You bought it in a shop on level 2 of the Orcish Mines)

   [amulet of magic regeneration]

   It increases your rate of magic regeneration.
   Int:       It affects your intelligence (+3).
 S - a ring of magical power (right hand)
 U - a +6 ring of strength
 V - a ring of protection from fire
 Y - a ring of ice
Wands
 t - a wand of charming (2)
 u - a wand of flame (62)
 B - a wand of acid (8)
 F - a wand of iceblast (15)
 H - a wand of mindburst (8)
 K - a wand of polymorph (18)
 R - a wand of digging (14)
 Z - a wand of paralysis (27)
Scrolls
 i - 3 scrolls of teleportation
 n - a scroll of silence
 o - 4 scrolls of identify
 s - 2 scrolls of fear {unknown}
 y - 2 scrolls of magic mapping
 J - 2 scrolls of enchant weapon
 O - 3 scrolls of enchant armour
Potions
 c - 3 potions of magic
 e - 2 potions of cancellation
 g - 3 potions of lignification
 j - 4 potions of brilliance
 l - a potion of resistance
 p - 6 potions of mutation
 r - 2 potions of haste
 v - 3 potions of might
 z - 2 potions of flight
Miscellaneous
 Q - a phantom mirror


   Skills:
 - Level 11.7 Fighting
 - Level 1.7 Dodging
 - Level 1.7 Stealth
 + Level 14.3 Shields
 - Level 10.2 Spellcasting
 - Level 15.2 Conjurations
 - Level 4.0 Hexes
 - Level 4.0 Translocations
 - Level 4.0 Fire Magic
 - Level 4.0 Invocations
 - Level 4.0 Evocations


You had 7 spell levels left.
You knew the following spells:

 Your Spells              Type           Power      Damage    Failure   Level
a - Magic Dart            Conj           100%       1d8       0%          1
b - Searing Ray           Conj           100%       3d7       0%          2
c - Dazzling Flash        Conj/Hex       100%       N/A       1%          3
d - Fulminant Prism       Conj/Hex       30%        3d16      1%          4
e - Iskenderun's Mystic   Conj/Tloc      60%        2d13      1%          4
f - Sticky Flame          Conj/Fire      78%        2d9       1%          4
g - Static Discharge      Conj/Air       53%        N/A       1%          2
h - Orb of Destruction    Conj           38%        9d13      7%          7

Your spell library contained the following spells:

 Spells                   Type           Power      Damage    Failure   Level
 Corona                   Hex            38%        N/A       1%          1
 Hailstorm                Conj/Ice       53%        3d12      1%          4
 Gell's Gravitas          Tloc           17%        N/A       2%          3
 Lesser Beckoning         Tloc           17%        N/A       2%          3
 Teleport Other           Tloc           35%        N/A       2%          3
 Tukima's Dance           Hex            35%        N/A       2%          3
 Ensorcelled Hibernation  Hex/Ice        48%        N/A       3%          2
 Beastly Appendage        Tmut           26%        N/A       4%          1
 Freeze                   Ice            52%        1d7       4%          1
 Summon Guardian Golem    Hex/Summ       24%        N/A       6%          3
 Wereblood                Tmut           13%        N/A       7%          2
 Frozen Ramparts          Ice            26%        1d4       14%         3
 Ozocubu's Armour         Ice            13%        N/A       14%         3
 Spider Form              Tmut/Pois      6%         N/A       14%         3
 Dispel Undead            Necr           13%        3d9       41%         4
 Petrify                  Tmut/Erth      13%        N/A       41%         4
 Summon Ice Beast         Ice/Summ       13%        N/A       41%         4
 Metabolic Englaciation   Hex/Ice        12%        N/A       50%         5
 Summon Forest            Summ/Tloc      12%        N/A       50%         5
 Summon Mana Viper        Hex/Summ       24%        N/A       50%         5
 Spellforged Servitor     Conj/Summ      26%        N/A       86%         7
 Shadow Creatures         Summ           N/A        N/A       100%        6
 Simulacrum               Ice/Necr       6%         N/A       100%        6
 Statue Form              Tmut/Erth      8%         N/A       100%        6
 Monstrous Menagerie      Summ           6%         N/A       100%        7


Dungeon Overview and Level Annotations

Branches:
Dungeon (15/15)            Temple (0/1) D:5            Lair (3/6) D:10
 Shoals (0/4) Lair:2       Spider (1/4) Lair:2          Orc (2/2) D:10
    Elf (0/3) Orc:2        Vaults (0/5) D:13         Depths (0/5) D:15
 Bailey (visited)           IceCv (visited)

Altars:
Ashenzari
Dithmenos
Gozag
Kikubaaqudgha
Makhleb
Qazlal
Ru
Vehumet
Yredelemnul
Zin
The Shining One
Beogh

Shops:
D:1 ?   D:3 *   D:6 *   Orc:2 =?(((

Annotations:
D:4 Eustachio
D:9 exclusion: door
Lair:3 Gastronok
Spider:1 Jorgrun


Innate Abilities, Weirdness & Mutations

You can breathe blasts of scalding, opaque steam.
Your pale cyan-grey scales are hard. (AC +9)
You cannot fit into any form of body armour.
You are cold-blooded and may be slowed by cold attacks.
You are immune to the effects of steam.


Message History

You block the redback's attack.
You are very lightly contaminated with residual magic.
Unknown command.
Unknown command.
Unknown command.
Unknown command.
Your magical effects are unravelling.
You feel magically purged.
Your magical contamination has completely faded away.
You feel less wooden.
Your +2 cloak unmelds from your body.
Your +1 hat unmelds from your body.
Your +2 pair of gloves unmelds from your body.
Your +0 pair of boots unmelds from your body.
You flicker back into view.
You block the tarantella's attack.
The redback bites you but does no damage.
The tarantella bites you but does no damage.
The redback barely misses you.
You riposte.
You barely miss the redback. The redback closely misses you.
You riposte.
You slash the redback!
You feel better.
The redback is moderately wounded.
The tarantella bites you.
* * * LOW HITPOINT WARNING * * *
The tarantella bites you but does no damage.
The redback bites you.
* * * LOW HITPOINT WARNING * * *
You are lethally poisoned!
The redback poisons you!
Unknown command.
Unknown command.
Unknown command.
Unknown command.
Unknown command.
* * * LOW HITPOINT WARNING * * *
You feel extremely sick. The redback bites you.
* * * LOW HITPOINT WARNING * * *
You are more poisoned.
The redback poisons you! The redback bites you.
You die...

#. .. .. ###..
.### ...#..
.#...# #....
.....#
.$.#.##...#
##........# #..
#.#.###
.....#ss†..###.
.....ss@.g.....
#..#..sss#.#...
.......#^..#
#...##..#.#..
#... ##. #.##..
.## # .. # ..
...


You could see Jorgrun, a wolf spider, 2 tarantellas and 4 redbacks.

Vanquished Creatures
  Kirke (D:12)
  Frances (D:13)
  Donald (Lair:1)
  An orc warlord (Orc:1)
  Nessos (D:12)
  A white draconian (IceCv)
  A dire elephant (D:15)
  4 centaur warriors
  3 boulder beetles
  3 hydras
  2 ogre magi
  A death knight (D:15)
  13 two-headed ogres
  3 death yaks
  An orc high priest (Orc:1)
  An iron troll (D:12)
  A skeletal warrior (D:15)
  2 wizards
  2 deep trolls (Orc:2)
  2 deep elf pyromancers
  10 cyclopes
  An orc knight (Orc:2)
  2 orc sorcerers (Orc:1)
  19 ugly things
  5 manticores
  2 wolf spiders
  2 merfolk sirens (Lair:2)
  4 elephants
  A black mamba (Lair:1)
  Maurice (D:10)
  2 ice statues (IceCv)
  A torpor snail (Lair:2)
  2 gargoyles
  Psyche (D:12)
  4 cane toads
  4 rime drakes (IceCv)
  An efreet (D:14)
  A freezing wraith (D:15)
  A demonic crawler (Lair:2)
  5 komodo dragons
  A tengu conjurer (D:14)
  4 jumping spiders (Spider:1)
  3 merfolk
  13 trolls
  6 meliai
  Grinder (D:3)
  13 slime creatures
  A meliai zombie (D:5)
  5 redbacks
  2 wraiths
  2 vampires
  A spriggan (shapeshifter) (D:14)
  2 tarantellas (Spider:1)
  15 yaks
  A hog (shapeshifter) (D:13)
  5 hogs (D:12)
  4 basilisks
  3 vampire mosquitoes (D:10)
  4 wargs
  A swamp worm (shapeshifter) (D:13)
  6 water moccasins
  An acid dragon (D:11)
  22 orc warriors
  An ice beast (D:6)
  3 black bears
  A sky beast (D:6)
  5 wolves (Lair:3)
  15 centaurs
  26 ogres
  Blork the orc (D:5)
  A kobold brigand (D:9)
  11 bullfrogs
  A gnoll sergeant (D:13)
  6 scorpions
  A water moccasin zombie (D:5)
  A lindwurm simulacrum (IceCv)
  2 water moccasin skeletons (D:6)
  A vampire bat (Lair:2)
  3 wights (D:8)
  2 centaur zombies
  7 komodo dragon simulacra (IceCv)
  8 orc priests
  2 bullfrog skeletons
  2 hell rats (Lair:1)
  2 iguanas
  23 orc wizards
  A hound skeleton (D:2)
  22 gnolls
  A howler monkey zombie (D:3)
  5 acid dragon simulacra (IceCv)
  4 adders
  8 river rats
  13 white imps
  8 steam dragon simulacra (IceCv)
  An ufetubus (D:4)
  A worm (shapeshifter) (D:13)
  3 worms
  3 dart slugs
  62 orcs
  3 endoplasms
  4 giant cockroaches
  16 goblins
  19 hobgoblins
  5 jackals (D:1)
  2 quokkas
  6 ball pythons
  15 bats
  3 frilled lizards
  24 kobolds
  7 rats
591 creatures vanquished.

Vanquished Creatures (collateral kills)
  An ogre mage (Orc:2)
1 creature vanquished.

Vanquished Creatures (others)
  A troll (Orc:2)
  A human (D:12)
  An orc warrior (Orc:2)
  126 fulminant prisms
  28 fungi
  28 plants
185 creatures vanquished.

Grand Total: 777 creatures vanquished

Notes
Turn   | Place    | Note
-------+----------+-------------------------------------------
     0 | D:1      | pyrow613 the Draconian Conjurer began the quest for the
                  | Orb.
     0 | D:1      | Reached XP level 1. HP: 14/14 MP: 3/3
   342 | D:1      | Reached XP level 2. HP: 22/22 MP: 1/5
   406 | D:1      | Learned a level 2 spell: Searing Ray
   881 | D:1      | Found Equkh's Magic Scroll Shoppe.
   888 | D:1      | Bought a scroll of identify for 28 gold pieces
  1269 | D:2      | Reached XP level 3. HP: 18/27 MP: 0/6
  1460 | D:2      | Reached skill level 1 in Fighting
  1460 | D:2      | Reached skill level 5 in Conjurations
  1883 | D:2      | Found a faded altar of an unknown god.
  2042 | D:3      | Found Mibomef's Assorted Antiques.
  2048 | D:3      | Noticed Grinder
  2059 | D:3      | Paralysed by Grinder for 4 turns
  2072 | D:3      | Paralysed by Grinder for 5 turns
  2080 | D:3      | Paralysed by Grinder for 5 turns
  2095 | D:3      | Killed Grinder
  2096 | D:3      | Reached skill level 1 in Shields
  2096 | D:3      | Reached XP level 4. HP: 24/37 MP: 0/8
  2096 | D:3      | Reached XP level 5. HP: 28/42 MP: 0/9
  2204 | D:3      | Reached XP level 6. HP: 50/50 MP: 6/10
  2370 | D:3      | Reached skill level 6 in Conjurations
  3030 | D:4      | Found a burning altar of Makhleb.
  3062 | D:4      | Became a worshipper of Makhleb the Destroyer
  3460 | D:4      | Noticed Eustachio
  3474 | D:4      | Found a glowing silver altar of Zin.
  3579 | D:4      | Reached * piety under Makhleb
  3767 | D:4      | Your scales start taking on a pale cyan-grey colour.
  3767 | D:4      | Reached XP level 7. HP: 57/57 MP: 6/12
  3767 | D:4      | Gained mutation: You are immune to the effects of steam.
                  | [Pale Draconian growth]
  3868 | D:5      | Entered Level 5 of the Dungeon
  4119 | D:5      | Found a staircase to the Ecumenical Temple.
  4120 | D:5      | Noticed Blork the orc
  4156 | D:5      | Killed Blork the orc
  4157 | D:5      | Reached skill level 7 in Conjurations
  4494 | D:5      | Found a radiant altar of Vehumet.
  4533 | D:5      | Reached XP level 8. HP: 25/66 MP: 12/14
  4584 | D:5      | Identified the +4 whip of the Fifty Hosts {pain, rF+}
  5076 | D:6      | Reached skill level 8 in Conjurations
  5112 | D:6      | Found a sacrificial altar of Ru.
  5401 | D:6      | Reached skill level 5 in Fighting
  5434 | D:6      | Found Igegg's Assorted Antiques.
  5881 | D:6      | You fall into a shaft and drop 2 floors!
  5954 | D:8      | Reached skill level 5 in Spellcasting
  5971 | D:8      | Noticed an efreet
  5971 | D:8      | Noticed a centaur warrior
  5972 | D:8      | Noticed a two-headed ogre
  5975 | D:8      | Noticed a deep elf pyromancer
  5977 | D:8      | Noticed a two-headed ogre
  6137 | D:8      | Reached XP level 9. HP: 74/74 MP: 10/16
  6212 | D:8      | Found an ancient bone altar of Kikubaaqudgha.
  6367 | D:8      | Learned a level 3 spell: Dazzling Flash
  6372 | D:8      | Learned a level 4 spell: Fulminant Prism
  6379 | D:8      | Learned a level 4 spell: Iskenderun's Mystic Blast
  6407 | D:8      | Found a glowing golden altar of the Shining One.
  6409 | D:8      | Noticed an angel
  6452 | D:8      | Found a basalt altar of Yredelemnul.
  6992 | D:7      | Reached ** piety under Makhleb
  6993 | D:7      | Reached skill level 5 in Shields
  6993 | D:7      | Reached skill level 9 in Conjurations
  7616 | D:6      | Learned a level 4 spell: Sticky Flame
  8534 | D:9      | Found an opulent altar of Gozag.
  8664 | D:9      | Reached skill level 1 in Hexes
  8664 | D:9      | Reached skill level 1 in Translocations
  8664 | D:9      | Reached skill level 1 in Fire Magic
  8664 | D:9      | Reached skill level 1 in Invocations
  8664 | D:9      | Reached skill level 1 in Evocations
  8822 | D:10     | Entered Level 10 of the Dungeon
  8838 | D:10     | Upgraded the game from 0.27-a0-1548-gf8a67e7463 to
                  | 0.27-a0-1555-g0e7b3fb1d2
  8950 | D:10     | Noticed a two-headed ogre
  9126 | D:10     | Found a broken altar of Ashenzari.
  9127 | D:10     | Reached XP level 10. HP: 84/84 MP: 18/18
  9139 | D:10     | Found a flagged portal.
  9158 | Bailey   | Entered a bailey
  9423 | Bailey   | Reached *** piety under Makhleb
 10155 | D:10     | Found a shadowy altar of Dithmenos.
 10156 | D:10     | Found a staircase to the Orcish Mines.
 10189 | D:10     | Found a staircase to the Lair.
 10462 | D:10     | Noticed Maurice
 10482 | D:10     | Killed Maurice
 10745 | D:11     | Noticed a two-headed ogre
 10761 | D:10     | Killed a two-headed ogre
 10807 | D:11     | Identified the +4 chain mail of Elyvilon's Hatred {Harm
                  | rPois rCorr Str-2}
 10829 | D:11     | Noticed a manticore
 10915 | D:11     | Noticed a two-headed ogre
 10922 | D:11     | Killed a manticore
 10922 | D:11     | Noticed a red ugly thing
 10923 | D:11     | Reached skill level 10 in Conjurations
 11122 | D:10     | Killed a two-headed ogre
 11123 | D:10     | Reached XP level 11. HP: 92/92 MP: 2/20
 11393 | D:11     | Killed a red ugly thing
 11427 | D:11     | Killed a two-headed ogre
 11899 | Orc:1    | Entered Level 1 of the Orcish Mines
 11899 | Orc:1    | Noticed an orc warlord
 12036 | D:10     | Acquired the ring "Tyide" {Fire rElec rPois Dex+4 Slay+2}
 12070 | Lair:1   | Entered Level 1 of the Lair of Beasts
 12198 | Lair:1   | Reached skill level 11 in Conjurations
 12342 | Lair:1   | Reached **** piety under Makhleb
 12346 | Lair:1   | Learned a level 2 spell: Static Discharge
 13256 | Lair:2   | Found a hole to the Spider Nest.
 13370 | Lair:2   | You fall into a shaft and drop 1 floor!
 13488 | Lair:3   | Noticed a six-headed hydra
 13506 | Lair:3   | Killed a six-headed hydra
 13512 | Lair:3   | Noticed Gastronok
 13827 | Lair:2   | Noticed a death yak
 13828 | Lair:2   | Reached XP level 12. HP: 65/103 MP: 15/23
 13878 | Lair:2   | Killed a death yak
 14090 | Lair:2   | Found a staircase to the Shoals.
 14218 | Lair:2   | Reached skill level 12 in Conjurations
 15084 | Orc:1    | Killed an orc warlord
 15084 | Orc:1    | Reached ***** piety under Makhleb
 15683 | Orc:2    | Entered Level 2 of the Orcish Mines
 15683 | Orc:2    | Noticed an orc high priest
 16184 | Orc:1    | Killed an orc high priest
 16429 | Orc:2    | Reached skill level 13 in Conjurations
 16564 | Orc:2    | Found Kaorph's Weapon Shoppe.
 16933 | Orc:2    | Found Miqyntum's Jewellery Boutique.
 16933 | Orc:2    | Found a staircase to the Elven Halls.
 16941 | Orc:2    | Noticed a two-headed ogre
 16943 | Orc:2    | Noticed an ogre mage
 16945 | Orc:2    | Noticed a two-headed ogre
 16948 | Orc:2    | Killed a two-headed ogre
 16962 | Orc:2    | Killed an ogre mage
 16971 | Orc:2    | Reached XP level 13. HP: 79/113 MP: 2/25
 16972 | Orc:2    | Reached skill level 10 in Fighting
 17755 | Orc:2    | Found Koucaek's Magic Scroll Shop.
 17757 | Orc:2    | Found Uriacvon's Weapon Emporium.
 17768 | Orc:2    | Bought a scroll of enchant armour for 105 gold pieces
 17768 | Orc:2    | Bought a scroll of identify for 28 gold pieces
 17768 | Orc:2    | Bought a scroll of identify for 28 gold pieces
 17770 | Orc:2    | Found Jecu's Antique Weapon Boutique.
 17942 | Orc:2    | Bought the amulet "Zaffac" {RegenMP Int+3} for 519 gold
                  | pieces
 18024 | Orc:1    | Reached skill level 14 in Conjurations
 18252 | Spider:1 | Entered Level 1 of the Spider Nest
 18265 | Spider:1 | Noticed Donald
 19395 | Lair:3   | Reached skill level 10 in Shields
 19704 | D:12     | Noticed Nessos
 19710 | D:12     | Noticed Psyche
 19714 | D:12     | Killed Psyche
 19716 | D:12     | Found a frozen archway.
 19722 | D:12     | Killed Nessos
 19869 | IceCv    | Entered an ice cave
 20243 | IceCv    | Noticed a white draconian
 20249 | IceCv    | Reached ****** piety under Makhleb
 20264 | IceCv    | Killed a white draconian
 20265 | IceCv    | Reached XP level 14. HP: 88/124 MP: 3/27
 20785 | D:12     | Noticed Kirke
 20796 | D:12     | Killed Kirke
 21805 | D:12     | Learned a level 7 spell: Orb of Destruction
 21952 | D:13     | Reached skill level 10 in Spellcasting
 21952 | D:13     | Reached skill level 15 in Conjurations
 22309 | D:13     | Noticed Frances
 22313 | D:13     | Killed Frances
 22515 | D:13     | Found a gate to the Vaults.
 24412 | D:15     | Entered Level 15 of the Dungeon
 24970 | D:15     | Found a stormy altar of Qazlal.
 25028 | D:15     | Reached XP level 15. HP: 129/132 MP: 2/29
 25351 | D:15     | Found a staircase to the Depths.
 26941 | Lair:1   | Killed Donald
 27068 | Spider:1 | Noticed Jorgrun
 27079 | Spider:1 | HP: 6/132 [poisoned by a redback]
 27079 | Spider:1 | Slain by a redback

Illustrated notes

Levels and vault maps discovered:
D:1:      dpeg_arrival_shelter, layout_basic, serial_shops, shop
D:2:      layout_basic, hellmonk_ecumenical_altar_leap_of_faith, serial_curves,
          eino_curves_03, eino_curves_01
D:3:      layout_loops_ring, serial_shops, shop, dk_noncrumbling_2,
          corner_web_ring, uniq_grinder
D:4:      cheibrodos_greedy_goblins, layout_gridville,
          lemuel_coloured_pillars_altar, bloody_makhleb, uniq_eustachio
D:5:      layout_basic, vehumet_crystals, minmay_temple_entry_offerings,
          uniq_blork_the_orc
D:6:      layout_basic, nicolae_ru_great_annihilating_truth,
          portal_sewer_entry_e, serial_shops, kennysheep_little_box,
          hangedman_abyss_or_decor_lesser_grid, serial_bayou_crossing
D:7:      layout_rooms
D:8:      layout_cave_pods, grunt_temple_overflow_holy_war,
          kiku_gazebo_garden_becter, onia_ninara_dug_in_and_dangerous
D:9:      layout_roguey, nicolae_gozag_cash_rules_everything_around_me,
          chequers_decorated_corner, minmay_holes
D:10:     layout_long_grid, ashenzari_conservatory_becter,
          mainiacjoe_overflow_catwalk, grunt_lair_entry_orc_guard_hut,
          enter_bailey_5, uniq_maurice
D:11:     layout_rooms
D:12:     layout_basic, portal_ice_cave_entry_imps, minmay_misc_feat_nine_boxes,
          uniq_kirke, uniq_nessos, uniq_psyche
D:13:     layout_loops_ring, david_vaults_4, uniq_frances
D:14:     layout_cave_pools
D:15:     hangedman_depths_entry_try_elsewhere_first, layout_gridville,
          roderic_three_in_a_row, nicolae_qazlal_scattered_showers
Lair:1:   layout_layer_cave, small_statue_intersection, kennysheep_rathole
Lair:2:   layout_roguey, elwin_shoals_entry_stream, spider_nest_entry_rubble,
          roderic_batcave, lemuel_fruit_tree
Lair:3:   layout_chaotic_city, serial_bayou_shore_b, uniq_gastronok
Spider:1: layout_spider_delve, gammafunk_ghost_abyssal_escape,
          nicolae_spider_claw_tunnel, uniq_donald, uniq_jorgrun
Orc:1:    layout_caves, basic_altar, lightli_volcano_entry_magma_tube
Orc:2:    st_orc_open, layout_caves, serial_shops, nicolae_shop_trees

Skill      XL: |  1  2  3  4  5  6  7  8  9 10 11 12 13 14 15 |
---------------+----------------------------------------------+-----
Fighting       | 2 3 4 5 6 7 8 9 11 | 11.7
Conjurations   | 5 6 7 8 9 10 11 13 14 15 | 15.2
Shields        | 1 2 3 4 5 6 7 9 10 13 14 | 14.3
Spellcasting   | 3 4 5 6 7 8 9 10 | 10.2
Hexes          | 1 4 |  4.0
Translocations | 1 4 |  4.0
Fire Magic     | 2 4 |  4.0
Invocations    | 2 4 |  4.0
Evocations     | 2 4 |  4.0
Dodging        | |  1.7
Stealth        | |  1.7

Action                   |  1- 3 |  4- 6 |  7- 9 | 10-12 | 13-15 || total
-------------------------+-------+-------+-------+-------+-------++-------
Melee: Dagger            |   117 |    95 |   133 |   172 |   266 ||   783
       Tailslap          |    12 |     6 |    10 |    23 |    37 ||    88
       Scimitar          |       |       |       |       |     1 ||     1
 Cast: Magic Dart        |    36 |    19 |    17 |    12 |     9 ||    93
       Searing Ray       |     4 |    10 |    40 |    60 |    42 ||   156
       Fulminant Prism   |       |       |     4 |    54 |    69 ||   127
       Iskenderun's Myst |       |       |       |    62 |    78 ||   140
       Sticky Flame      |       |       |       |    22 |    52 ||    74
       Static Discharge  |       |       |       |       |     6 ||     6
       Orb of Destructio |       |       |       |       |    68 ||    68
Invok: Greater Servant o |       |       |       |     1 |     1 ||     2
       Lesser Servant of |       |       |       |       |     3 ||     3
 Abil: Breathe Steam     |       |       |     9 |    13 |     4 ||    26
Evoke: Wand              |       |       |       |     5 |     4 ||     9
  Use: Scroll            |     2 |       |     2 |     4 |    23 ||    31
       Potion            |       |       |     1 |     6 |     8 ||    15
 Stab: Sleeping          |       |     2 |     2 |       |     3 ||     7
Armor: Skin              |    54 |    31 |    74 |   139 |   252 ||   550
Dodge: Dodged            |    82 |    46 |   100 |   223 |   266 ||   717
Block: Buckler           |     2 |    13 |    34 |   128 |   155 ||   332
       Kite shield       |       |       |       |       |     9 ||     9
       Rpst.: Scimitar   |       |       |       |       |     3 ||     3

Table legend: (Time is in decaauts)
 A = Elapsed time spent in this place.
 B = Non-inter-level travel time spent in this place.
 C = Inter-level travel time spent in this place.
 D = Time resting spent in this place.
 E = Time spent auto-exploring this place.
 F = Levels seen in this place.
 G = Mean time per level.
                   A        B        C        D        E       F      G
               +--------+--------+--------+--------+--------+-----+--------+
         Total |  27169 |  25662 |   1507 |   7371 |  12411 |  23 | 1181.3 |
       Dungeon |  18823 |  17732 |   1091 |   4088 |   9859 |  15 | 1254.9 |
          Lair |   4043 |   3774 |    269 |   1768 |   1292 |   3 | 1347.7 |
   Spider Nest |     62 |     62 |      0 |      0 |      0 |   1 |   62.0 |
  Orcish Mines |   2973 |   2827 |    146 |   1138 |    896 |   2 | 1486.5 |
        Bailey |    607 |    607 |      0 |    153 |    192 |   1 |  607.0 |
      Ice Cave |    659 |    659 |      0 |    224 |    172 |   1 |  659.0 |
               +--------+--------+--------+--------+--------+-----+--------+

Top non-repeatable levels by time:
    D:10: 2551 daAuts
  Lair:2: 2386 daAuts
    D:15: 2021 daAuts
    D:12: 1779 daAuts
   Orc:2: 1588 daAuts
    D:13: 1580 daAuts
   Orc:1: 1385 daAuts
     D:6: 1298 daAuts
     D:1: 1217 daAuts
     D:9: 1191 daAuts
     D:5: 1145 daAuts
    D:14: 1129 daAuts
     D:3: 1073 daAuts
  Lair:1: 994 daAuts
     D:4: 852 daAuts
